 Dungeon Crawl Stone Soup version 0.30-b1-2-g02819fbbbe (webtiles) character file.

Game seed: 11915204892747998517

142438 MackTheKnife the Convoker (level 16, -9/145 (149) HPs)
             Began as a Purple Draconian Wanderer on May 8, 2023.
             Was a Believer of Jiyva.
             Mangled by Agnes
             ... wielding a +1 lajatang of speed
              (22 damage)
             ... on level 3 of the Spider Nest.
             The game lasted 01:28:37 (33377 turns).

MackTheKnife the Convoker (DrWn)                   Turns: 33377, Time: 01:28:38

HP:   -9/145 (149)  AC: 15    Str: 11      XL:     16   Next: 80%
MP:   5/35          EV: 20    Int: 32 (33) God:    Jiyva [**....]
Gold: 1129          SH:  5    Dex: 13      Spells: 6/46 levels left

rFire   . . .        N - staff of earth "Juof" {rElec rPois rC+ Int+2, !d}
rCold   + . .        k - +0 buckler of the Clam {rElec Int+5 Slay-2 SInv}
rNeg    . . .        (body armour unavailable)
rPois   +            h - +0 hat of Zonuceilu {Regen+ Int+3}
rElec   +            D - +2 cloak
rCorr   +            f - +2 pair of gloves
SInv    +            (no boots)
Will    +++++        g - amulet of magic regeneration {@e2}
Stlth   ++           n - +5 ring of evasion
HPRegen 2.20/turn    a - ring of Xom's Full Attention {Will+++ rCorr Int+3 Dex-2}
MPRegen 0.94/turn

%: no passive effects
@: very slightly contaminated, studying 2 skills, lightly drained
A: breathe power, AC +9, unfitting armour, cold-blooded
a: Breathe Dispelling Energy, Renounce Religion


You were on level 3 of the Spider Nest.
You worshipped Jiyva.
Jiyva was pleased with you.
You visited 6 branches of the dungeon, and saw 27 of its levels.
You also visited: Bailey and Gauntlet.

You collected 2944 gold pieces.
You spent 1815 gold pieces at shops.


Innate Abilities, Weirdness & Mutations

You can breathe bolts of dispelling energy.
Your rich purple scales are hard. (AC +9)
You cannot fit into any form of body armour.
You are cold-blooded and may be slowed by cold attacks.


   Skills:
 - Level 15.1 Fighting
 - Level 1.0 Throwing
 + Level 9.8 Dodging
 - Level 1.0 Stealth
 - Level 5.0 Shields
 - Level 15.8 Spellcasting
 - Level 2.4 Conjurations
 - Level 8.7 Hexes
 - Level 16.4 Summonings
 - Level 9.5 Necromancy
 - Level 5.2 Fire Magic
 - Level 4.7 Earth Magic
 - Level 8.7 Invocations
 - Level 1.1 Evocations


You had 6 spell levels left.
You knew the following spells:

 Your Spells              Type           Power      Damage    Failure   Level
a - Animate Dead          Necr           72%        N/A       1%          4
c - Haunt                 Necr/Summ      41%        N/A       10%         7
d - Blink                 Tloc           50%        N/A       3%          2
e - Summon Horrible Thin  Summ           46%        N/A       19%         8
f - Summon Lightning Spi  Summ/Air       67%        N/A       1%          4
g - Borgnjor's Vile Clut  Necr/Erth      41%        N/A       3%          5
h - Call Canine Familiar  Summ           92%        N/A       0%          3
z - Monstrous Menagerie   Summ           46%        N/A       2%          7

Your spell library contained the following spells:

 Spells                   Type           Power      Damage    Failure   Level
 Summon Small Mammal      Summ           100%       N/A       0%          1
 Foxfire                  Conj/Fire      100%       2x1d9     1%          1
 Momentum Strike          Conj/Tloc      66%        3d9       1%          2
 Dazzling Flash           Conj/Hex       100%       N/A       1%          3
 Inner Flame              Hex/Fire       63%        N/A       1%          3
 Anguish                  Hex/Necr       35%        N/A       1%          4
 Cause Fear               Hex            34%        N/A       1%          4
 Summon Ice Beast         Ice/Summ       67%        N/A       1%          4
 Agony                    Necr           72%        N/A       1%          5
 Summon Mana Viper        Hex/Summ       82%        N/A       1%          5
 Lesser Beckoning         Tloc           50%        N/A       3%          2
 Poisonous Vapours        Pois/Air       50%        N/A       3%          2
 Mephitic Cloud           Conj/Pois/Air  30%        N/A       4%          3
 Flame Wave               Conj/Fire      49%        2d12      4%          4
 Sticky Flame             Conj/Fire      49%        2d7       4%          4
 Vhi's Electric Charge    Tloc/Air       50%        N/A       7%          3
 Death Channel            Necr           36%        N/A       7%          6
 Silence                  Hex/Air        26%        N/A       11%         5
 Fireball                 Conj/Fire      24%        3d11      13%         5
 Manifold Assault         Tloc           25%        N/A       22%         4
 Passage of Golubria      Tloc           25%        N/A       22%         4
 Arcjolt                  Conj/Air       16%        1d26      36%         5
 Freezing Cloud           Conj/Ice/Air   15%        6-21      41%         5
 Starburst                Conj/Fire      24%        6d8       58%         6
 Plasma Beam              Fire/Air       21%        2x1d36    77%         6
 Conjure Ball Lightning   Conj/Air       16%        3x3d6     91%         6
 Dispersal                Tloc           12%        N/A       98%         6
 Enfeeble                 Hex            34%        N/A       45%         7
 Borgnjor's Revivificati  Necr           36%        N/A       96%         8
 Discord                  Hex            34%        N/A       99%         8
 Disjunction              Tloc           12%        N/A       100%        8
 Lehudib's Crystal Spear  Conj/Erth      32%        10d8      100%        8
 Maxwell's Capacitive Co  Air            12%        โˆž       100%        8
 Necromutation            Tmut/Necr      27%        N/A       100%        8
 Death's Door             Necr           36%        N/A       100%        9

Inventory:

Hand Weapons
 T - a +1 heavy executioner's axe {axerare=g}
   (You took it off Rupert on level 5 of the Lair of Beasts)
Armour
 f - a +2 pair of gloves (worn)
   (You found it on level 1 of the Lair of Beasts)
 h - the +0 hat of Zonuceilu (worn) {Regen+ Int+3}
   (You acquired it on level 1 of the Lair of Beasts)

   Int:       It affects your intelligence (+3).
   Regen:     It increases your rate of health regeneration.
 k - the +0 buckler of the Clam (worn) {rElec Int+5 Slay-2 SInv}
   (You took it off a skeletal warrior on level 12 of the Dungeon)

   Int:       It affects your intelligence (+5).
   Slay:      It affects your accuracy & damage with ranged weapons and melee
   (-2).
   rElec:     It insulates you from electricity.
   SInv:      It lets you see invisible.
 D - a +2 cloak (worn)
   (You found it on level 7 of the Dungeon)
Magical Staves
 N - the staff of earth "Juof" (weapon) {rElec rPois rC+ Int+2, !d}
   (You took it off an orc warrior on level 11 of the Dungeon)

   [staff of earth]

   Base accuracy: +5 Base damage: 5 Base attack delay: 1.2 This weapon's minimum
   attack delay (0.6) is reached at skill level 12.
   Int:       It affects your intelligence (+2).
   rC:        It protects you from cold.
   rElec:     It insulates you from electricity.
   rPois:     It protects you from poison.
   It falls into the 'Staves' category.
   It is a one-handed weapon.
Jewellery
 a - the ring of Xom's Full Attention (right hand) {Will+++ rCorr Int+3 Dex-2}
   (You acquired it in a bailey)

   [ring of resist corrosion]

   Int:       It affects your intelligence (+3).
   Dex:       It affects your dexterity (-2).
   rCorr:     It protects you from acid and corrosion.
   Will:      It greatly increases your willpower.
 g - an amulet of magic regeneration (around neck) {@e2}
   (You bought it in a shop on level 2 of the Orcish Mines)
 n - a +5 ring of evasion (left hand)
   (You found it on level 5 of the Lair of Beasts)
 x - a ring of see invisible
   (You found it on level 6 of the Dungeon)
 z - a +6 ring of dexterity
   (You took it off a vault guard on level 13 of the Dungeon)
 J - a ring of positive energy
   (You found it on level 9 of the Dungeon)
Wands
 r - a wand of roots (12)
   (You found it on level 13 of the Dungeon)
 v - a wand of digging (11)
   (You took it off a gnoll on level 4 of the Dungeon)
 y - a wand of polymorph (10)
   (You took it off Pikel on level 7 of the Dungeon)
 F - a wand of flame (32)
   (You found it on level 8 of the Dungeon)
 O - a wand of charming (5)
   (You found it on level 14 of the Dungeon)
 P - a wand of mindburst (9)
   (You took it off a yaktaur on level 14 of the Dungeon)
Scrolls
 c - 7 scrolls of identify {@r1}
 d - 2 scrolls of vulnerability {!r!r}
 e - 4 scrolls of immolation {!r!r}
 j - 4 scrolls of blinking {!r}
 m - 3 scrolls of magic mapping {!r}
 o - 2 scrolls of poison
 u - 4 scrolls of fear
 E - a scroll of silence {!r}
 G - 2 scrolls of fog
 H - 3 scrolls of butterflies
 I - 4 scrolls of enchant armour
 L - 2 scrolls of enchant weapon
 M - 5 scrolls of teleportation {@r4}
 S - 3 scrolls of brand weapon
Potions
 b - 2 potions of haste {@q3}
 i - 3 potions of ambrosia
 l - 2 potions of brilliance
 p - 5 potions of lignification {!q}
 q - 6 potions of curing {@q1}
 s - 4 potions of heal wounds {@q2}
 t - a potion of berserk rage {!q}
 w - 3 potions of mutation {!q}
 B - 3 potions of might
 C - 4 potions of magic
 K - 4 potions of flight
 R - a potion of cancellation
Miscellaneous
 A - a phial of floods
   (You found it on level 5 of the Lair of Beasts)
 Q - a lightning rod (3/4)
   (You found it on level 14 of the Dungeon)

Dungeon Overview and Level Annotations

Branches:
Dungeon (15/15) Zot: 25871  Temple (0/1) D:7            Lair (5/5) D:11 Zot: 19668
  Swamp (1/4) Lair:2 Zot: 5458  Spider (3/4) Lair:3 Zot: 16960   Slime (0/5) Lair:5
    Orc (2/2) D:10 Zot: 9551     Elf (1/3) Orc:2 Zot: 5997  Vaults (0/5) D:13
 Depths (0/4) D:15         Bailey (visited)         Gauntlet (visited)

Altars:
Ashenzari
Cheibriados
Dithmenos
Elyvilon
Gozag
Okawaru
Qazlal
Ru
Sif Muna
Trog
Vehumet
Yredelemnul
The Shining One
Jiyva

Shops:
D:14 *   Orc:2 ?![[:=**

Annotations:
D:12 Fannar
Swamp:1 2 transporters, hito's ghost, journeyman DrTm
Spider:3 Agnes
Orc:2 exclusion: upstairs

.......#####....# **,*,*,,,,,,,
................# ***,,,,^,,,,
.[...##....##...# **.,,,,,,,,,
.....#.........## **..,,,,,,,,,
...#.##.......^.##*##^,,.,,,,,,,,
.###.*#..........##..,,..,,,,,,,,
#**..##............#*,...,,,,,,,,
**,,...........#...##....,,,,,,,,
,,,..##........#@.....#..,,,,,,,,
*,*.,,###...<..hiW.......,,,,,,,,
*,*,,,.##...###.X........,,*,,,,,
,***,,#..#.###WWWW.....##****,,,,
,* *,,##..####......##^####*,,,,,
** **,*##...#......##*#...#*,,,,,
* *,* ###......X####....#*,,,,,
** *,** ##......Wยง#......,*,,,,
,*****,* *#.##.####.WW.....,*,,,,


You could see Agnes (clutched, ally target), a friendly shadow wraith (summoned,
invisible), 2 friendly large abominations, 3 friendly freezing wraiths, 2
friendly wraiths and a friendly warg (summoned).


Message History

Casting: Summon Horrible Things (dangerous; 19% risk of failure)
Confirm with . or Enter, or press ? or * to list all spells.
Okay, then.
Unknown command.
Unknown command.
Casting: Summon Horrible Things (dangerous; 19% risk of failure)
Confirm with . or Enter, or press ? or * to list all spells.
You blink. ๐Ÿ˜ฎ HP[+2] MP[-1]
You regained 2 hp, and now have 109/149 hp.
You lost 1 mp, and now have 4/35 mp.
Unknown command.
Unknown command.
Unknown command.
Casting: Blink (safe; 3% risk of failure)
Confirm with . or Enter, or press ? or * to list all spells.
You don't have enough magic to cast this spell.
Unknown command.
Magic courses through your body.
Your large abomination disappears in a puff of smoke!
Agnes mutters, "I could really go for a good breadfruit right now." ๐Ÿ˜ฎ HP[+2] MP[+21]
You regained 2 hp, and now have 111/149 hp.
You regained 21 mp, and now have 25/35 mp.
Casting: Blink (safe; 3% risk of failure)
Confirm with . or Enter, or press ? or * to list all spells.
Aiming: Borgnjor's Vile Clutch (mildly dangerous; 3% risk of failure)
Press: ? - help, Shift-Dir - straight line, f/p - Agnes
Aim: Agnes, wielding a +1 lajatang of speed and wearing a +0 robe (ally target, 100% to hit)
You feel a surge of power!
Zombie hands grab Agnes.
The zombie hands constrict Agnes!
You block Agnes's attack. Agnes misses you. ๐Ÿ˜• HP[+2] MP[-4]
You regained 2 hp, and now have 113/149 hp.
You lost 4 mp, and now have 21/35 mp.
Unknown command.
The zombie hands constrict Agnes.
Agnes says, "You will find the Path of Peace easy to follow, in death."
Agnes struggles to escape constriction. x2 ๐Ÿ˜• HP[+3] MP[+1]
You regained 3 hp, and now have 116/149 hp.
Casting: Borgnjor's Vile Clutch (mildly dangerous; 3% risk of failure)
Confirm with . or Enter, or press ? or * to list all spells.
You feel stable enough to blink again.
The zombie hands constrict Agnes!
Agnes struggles to escape constriction. x2 ๐Ÿ˜• HP[+2] MP[-2]
You regained 2 hp, and now have 118/149 hp.
You lost 2 mp, and now have 20/35 mp.
Casting: Call Canine Familiar (safe; 0% risk of failure)
Confirm with . or Enter, or press ? or * to list all spells.
Aiming: Haunt (dangerous; 10% risk of failure)
Press: ? - help, Dir - move target, f/p - Agnes
Aim: Agnes, wielding a +1 lajatang of speed and wearing a +0 robe (moderately wounded, constricted by zombie hands, ally target)
You miscast Haunt.
You are very lightly contaminated with residual magic.
The world around you seems to dim momentarily!
You feel drained.
The zombie hands constrict Agnes!
Agnes escapes!
Agnes closely misses you. ๐Ÿ˜ฎ HP[-15] MP[-6]
You now have 145 max hp (-4).
You take 15 damage, and now have 103/145 hp.
You lost 6 mp, and now have 14/35 mp.
Casting: Haunt (dangerous; 10% risk of failure)
Confirm with . or Enter, or press ? or * to list all spells.
Aiming: Haunt (dangerous; 10% risk of failure)
Press: ? - help, Dir - move target, f/p - Agnes
Aim: Agnes, wielding a +1 lajatang of speed and wearing a +0 robe (moderately wounded, ally target) Insubstantial figures form in the air.
You block Agnes's attack.
Agnes hits you with a +1 lajatang of speed!!
Your large abomination misses Agnes. ๐Ÿ˜ฎ HP[-21] MP[-6]
You take 21 damage, and now have 82/145 hp.
You lost 6 mp, and now have 8/35 mp.
Unknown command.
Unknown command.
Agnes attacks as you move away!
Agnes hits you with a +1 lajatang of speed.
Your warg completely misses Agnes.
Agnes hits you with a +1 lajatang of speed!!
* * * LOW HITPOINT WARNING * * *
๐Ÿ˜จ HP[-27] MP[+1]
You take 27 damage, and now have 55/145 hp.
Unknown command.
Casting: Haunt (dangerous; 10% risk of failure)
Confirm with . or Enter, or press ? or * to list all spells.
Aiming: Borgnjor's Vile Clutch (mildly dangerous; 3% risk of failure)
Press: ? - help, Shift-Dir - straight line, f/p - Agnes
Aim: Agnes, wielding a +1 lajatang of speed and wearing a +0 robe (moderately wounded, ally target, 100% to hit)
You feel a surge of power!
Zombie hands grab Agnes.
Your large abomination is unaffected.
Your freezing wraith is unaffected.
The zombie hands constrict Agnes!
Agnes asks, "Have you seen my kris anywhere?"
Agnes hits you with a +1 lajatang of speed!
* * * LOW HITPOINT WARNING * * *
Your warg bites Agnes!
Agnes hits you with a +1 lajatang of speed!!
* * * LOW HITPOINT WARNING * * *
Agnes hits you with a +1 lajatang of speed!!
You die...

Skill      XL: |  1  2  3  4  5  6  7  8  9 10 11 12 13 14 15 16 |
---------------+-------------------------------------------------+-----
Summonings     | 3 4 5 6 10 12 15 16 | 16.4
Spellcasting   | 3 4 5 12 15 | 15.8
Fighting       | 4 6 12 13 14 15 | 15.1
Dodging        | 3 5 6 9 |  9.8
Fire Magic     | 4 5 |  5.2
Conjurations   | 2 |  2.4
Shields        | 5 |  5.0
Invocations    | 6 8 |  8.7
Hexes          | 4 8 |  8.7
Necromancy     | 4 9 |  9.5
Earth Magic    | 4 |  4.7
Throwing       | |  1.0
Stealth        | |  1.0
Evocations     | |  1.1

Action                     |  1- 3 |  4- 6 |  7- 9 | 10-12 | 13-15 | 16-18 || total
---------------------------+-------+-------+-------+-------+-------+-------++-------
  Melee: Dagger            |    44 |    66 |    36 |       |       |       ||   146
         Tailslap          |     5 |     9 |    29 |    56 |    89 |    21 ||   209
         Punch             |     1 |       |     2 |     2 |       |       ||     5
         Spear             |       |       |    66 |   199 |       |       ||   265
         Whip              |       |       |    90 |    14 |       |       ||   104
         Staff             |       |       |       |    87 |   382 |    90 ||   559
   Cast: Summon Small Mamm |    22 |     3 |       |       |       |       ||    25
         Foxfire           |    16 |    15 |    74 |    28 |    10 |       ||   143
         Call Canine Famil |     1 |    20 |    52 |    95 |    52 |    16 ||   236
         Sticky Flame      |       |       |       |    90 |    46 |       ||   136
         Summon Mana Viper |       |       |       |    10 |    51 |       ||    61
         Monstrous Menager |       |       |       |       |   181 |    51 ||   232
         Summon Lightning  |       |       |       |       |    27 |     1 ||    28
         Borgnjor's Vile C |       |       |       |       |    13 |     9 ||    22
         Animate Dead      |       |       |       |       |     2 |     5 ||     7
         Haunt             |       |       |       |       |       |    36 ||    36
         Summon Horrible T |       |       |       |       |       |    15 ||    15
         Blink             |       |       |       |       |       |     1 ||     1
 Invoke: Elemental Force   |       |       |       |     3 |     2 |       ||     5
         Disaster Area     |       |       |       |       |     3 |       ||     3
Ability: Breathe Dispellin |       |       |    11 |     9 |     7 |     3 ||    30
  Evoke: Wand              |       |     4 |     2 |     4 |     8 |     2 ||    20
         Lightning rod     |       |       |       |       |       |     1 ||     1
         Phial of floods   |       |       |       |       |       |     1 ||     1
    Use: Scroll            |       |     3 |    14 |    11 |    14 |    12 ||    54
         Potion            |       |       |     1 |       |     2 |     8 ||    11
   Stab: Sleeping          |     2 |       |       |       |       |       ||     2
         Distracted        |       |     1 |     2 |     1 |    10 |     2 ||    16
         Paralysed         |       |       |       |       |     1 |       ||     1
 Armour: Skin              |    18 |    27 |    69 |   150 |   205 |    85 ||   554
  Dodge: Dodged            |    25 |    44 |   138 |   229 |   343 |   261 ||  1040
         Repelled          |       |       |       |     4 |     7 |     4 ||    15
  Block: Other             |       |     5 |    32 |    83 |       |       ||   120
         Buckler           |       |       |       |   105 |   481 |   101 ||   687

Levels and vault maps discovered:
D:1:      ncdulo_lavacross, layout_rooms, ebering_ecumenical_altar_hall
D:2:      layout_basic, uniq_jessica, uniq_sigmund
D:3:      cheibrodos_old_hovel, layout_rooms
D:4:      layout_basic, uniq_duvessa
D:5:      layout_basic, hellmonk_okawaru_the_only_friend_you_need
D:6:      layout_layer_cave, mainiacjoe_overflow_cross_hatched,
          nicolae_gozag_seed_capital, minmay_manual_monstrance, uniq_menkaure
D:7:      layout_basic, elyvilon_altar_1, mainiacjoe_overflow_brackets,
          temple_fountains, uniq_pikel
D:8:      layout_rooms, enter_bailey_5
D:9:      gammafunk_sealed_arena, layout_basic,
          nicolae_qazlal_scattered_showers, nicolae_dithmenos_the_darkroom,
          vehumet_altar_wand_db, uniq_maggie
D:10:     layout_rooms, mainiacjoe_overflow_24_doors,
          cheibrodos_ashenzari_chains, mainiacjoe_overflow_large_starburst,
          zombieorc2_lemuel, serial_ice, serial_ice_k, serial_ice_c,
          serial_ice_n, serial_ice_a, serial_ice_h, serial_ice_b, serial_ice_o
D:11:     lemuel_troll_bridge, layout_irregular_city,
          grunt_lair_entry_orc_guard_hut
D:12:     minmay_octagon_keep, layout_small_grid, minivault_24, minivault_5,
          uniq_fannar, uniq_nessos
D:13:     layout_loops_cross, lightli_vaults_fourway_checkpoint
D:14:     minmay_triangles_in_corner, layout_basic, minmay_stone_trees_small,
          ebering_ghost_gozag
D:15:     grunt_enter_depths_snipers, layout_rooms, dreamdust_wishing_well
Lair:1:   wad_woods_structure_01, layout_cave_shapes, st_stairs_7,
          lemuel_fruit_fields
Lair:2:   layout_regular_city, nicolae_swamp_entry_spooky, uniq_erica
Lair:3:   layout_cave_pods, nicolae_spider_entry_orb_guardian,
          pdpol_lair_cavern_descent
Lair:4:   layout_gridlike, gauntlet_entry_generic, dreamdust_wasp_nest
Lair:5:   minmay_lair_end_enchanted_forest, layout_gridlike,
          minmay_slime_entry_pillars, kennysheep_basilisk_garden,
          serial_bayou_shore_b, lemuel_fruit_tree, grunt_megastairs_3,
          uniq_rupert
Swamp:1:  layout_falls_marsh, gammafunk_ghost_wrathful_warriors,
          serial_swamp_ruin, evilmike_swamp_ruin_rubble_2,
          evilmike_swamp_ruin_house_1, hangedman_swamp_ruin_wall, uniq_nikola,
          uniq_mlioglotl
Spider:1: layout_spider_delve, nicolae_spider_moth_buddies
Spider:2: nicolae_spider_mines_2, hangedman_spider_tarantella_strand
Spider:3: layout_chambers, uniq_arachne, uniq_agnes
Orc:1:    layout_caves
Orc:2:    st_orc_mages, layout_caves, serial_shops, shop_fountains, shop, shop,
          nicolae_shop_getting_attention, basic_altar
Elf:1:    elf_arrival_002, layout_onion_city, serial_shops, shop_statue,
          evilmike_minifort, lemuel_upstairs_altar

Notes
Turn   | Place    | Note
-------+----------+-------------------------------------------
     0 | D:1      | MackTheKnife the Draconian Wanderer began the quest for the
                  | Orb.
     0 | D:1      | MackTheKnife set off with the following items: a +0 dagger
                  | {short}, a potion of attraction {!q}, a +0 pair of gloves;
                  | and the following spells available to memorise: Summon
                  | Small Mammal, Foxfire, Call Canine Familiar, Flame Wave,
                  | Sticky Flame.
     0 | D:1      | Reached XP level 1. HP: 14/14 MP: 3/3
     0 | D:1      | magus.rc [v1.9.6]
    12 | D:1      | Learned a level 1 spell: Summon Small Mammal
    14 | D:1      | Learned a level 1 spell: Foxfire
   222 | D:1      | Reached XP level 2. HP: 18/20 MP: 0/5
   335 | D:1      | Found a faded altar of an unknown god.
   350 | D:1      | Prayed at the altar of an unknown god.
   350 | D:1      | Became a worshipper of Qazlal Stormbringer
   350 | D:1      | Reached * piety under Qazlal
   576 | D:2      | Reached skill level 3 in Summonings
   769 | D:2      | Noticed Jessica
   797 | D:2      | Reached XP level 3. HP: 26/26 MP: 1/6
   875 | D:2      | Killed Jessica
   876 | D:2      | Reached skill level 4 in Summonings
  1062 | D:2      | Noticed Sigmund
  1339 | D:2      | Learned a level 3 spell: Call Canine Familiar
  1561 | D:2      | Reached XP level 4. HP: 33/33 MP: 3/7
  1814 | D:3      | You fall into a shaft and drop 1 floor!
  1882 | D:4      | Reached skill level 5 in Summonings
  1882 | D:4      | Reached XP level 5. HP: 37/38 MP: 4/8
  2200 | D:3      | Reached ** piety under Qazlal
  2502 | D:4      | Noticed an ogre
  2520 | D:4      | Killed an ogre
  2521 | D:4      | Reached skill level 3 in Spellcasting
  2521 | D:4      | Reached skill level 6 in Summonings
  2521 | D:4      | Reached XP level 6. HP: 45/45 MP: 0/10
  2734 | D:4      | Noticed Duvessa
  2734 | D:4      | Noticed Dowan
  2892 | D:4      | Killed Duvessa
  2990 | D:4      | Killed Dowan
  2991 | D:4      | Reached skill level 4 in Spellcasting
  2991 | D:4      | Your scales start taking on a rich purple colour.
  2991 | D:4      | Reached XP level 7. HP: 32/50 MP: 8/14
  3172 | D:4      | Reached skill level 1 in Fighting
  3293 | D:4      | Reached skill level 1 in Dodging
  3679 | D:5      | Entered Level 5 of the Dungeon
  3875 | D:5      | Reached skill level 2 in Fighting
  3875 | D:5      | Reached skill level 2 in Dodging
  4399 | D:5      | Found an iron altar of Okawaru.
  4551 | D:5      | Reached skill level 3 in Fighting
  4758 | D:2      | Killed Sigmund
  4759 | D:2      | Reached skill level 4 in Fighting
  4759 | D:2      | Reached skill level 3 in Dodging
  4759 | D:2      | Reached XP level 8. HP: 56/66 MP: 6/15
  5118 | D:6      | Noticed Menkaure
  5129 | D:6      | Killed Menkaure
  5130 | D:6      | Reached skill level 4 in Dodging
  5195 | D:6      | Found an opulent altar of Gozag.
  5269 | D:6      | Identified the +4 short sword "Gastrog" {antimagic, rF+}
  5350 | D:6      | Reached skill level 5 in Fighting
  5712 | D:6      | Reached skill level 6 in Fighting
  5712 | D:6      | Reached skill level 5 in Dodging
  5901 | D:6      | Reached skill level 5 in Spellcasting
  5901 | D:6      | Reached XP level 9. HP: 68/78 MP: 11/16
  6118 | D:6      | Found a sacrificial altar of Ru.
  6125 | D:6      | Reached skill level 7 in Fighting
  6275 | D:7      | Found a staircase to the Ecumenical Temple.
  6282 | D:7      | Noticed Pikel
  6295 | D:7      | Killed Pikel
  6295 | D:7      | Reached *** piety under Qazlal
  6296 | D:7      | Reached skill level 9 in Fighting
  6387 | D:7      | You pick up a book of the Moon and begin reading...
  6387 | D:7      | You add the spells Passage of Golubria, Silence and
                  | Lehudib's Crystal Spear to your library.
  6577 | D:7      | Reached skill level 10 in Fighting
  6743 | D:7      | Found a snail-covered altar of Cheibriados.
  6834 | D:7      | Found a white marble altar of Elyvilon.
  7119 | D:8      | Reached skill level 11 in Fighting
  7311 | D:8      | Found a flagged portal.
  7351 | Bailey   | Entered a bailey
  7376 | Bailey   | Noticed an orc warlord
  7479 | Bailey   | Reached skill level 12 in Fighting
  7590 | Bailey   | Found a runed translucent gate.
  7592 | Bailey   | Found a runed translucent gate.
  7598 | Bailey   | Found a runed translucent gate.
  7642 | Bailey   | Identified a scroll of acquirement
  7642 | Bailey   | Acquired the ring of Xom's Full Attention {Will+++ rCorr
                  | Int+3 Dex-2}
  7709 | Bailey   | You add the spells Borgnjor's Revivification, Necromutation
                  | and Death's Door to your library.
  7898 | D:8      | Reached skill level 12 in Spellcasting
  7898 | D:8      | Reached XP level 10. HP: 100/100 MP: 16/26
  7904 | D:8      | Learned a level 4 spell: Sticky Flame
  8153 | D:8      | Reached skill level 13 in Fighting
  8157 | D:8      | Reached **** piety under Qazlal
  8461 | D:9      | Found a stormy altar of Qazlal.
  8561 | D:9      | Noticed a deep elf pyromancer
  8562 | D:9      | Found a transporter.
  8563 | D:9      | Noticed a centaur warrior
  8568 | D:9      | Noticed a centaur warrior
  8578 | D:9      | Reached skill level 4 in Fire Magic
  8581 | D:9      | Noticed a two-headed ogre
  8584 | D:9      | Reached XP level 11. HP: 107/107 MP: 12/27
  8766 | D:9      | Noticed Maggie
  8767 | D:9      | Maggie changed into Maggie the tengu
  8767 | D:9      | Noticed Maggie
  8783 | D:9      | Killed Maggie the tengu
  9037 | D:9      | Reached skill level 1 in Conjurations
  9154 | D:9      | Reached skill level 14 in Fighting
  9267 | D:9      | Found a shadowy altar of Dithmenos.
  9461 | D:9      | Found a radiant altar of Vehumet.
  9480 | D:9      | Identified the ring "Itomera" {rPois rC+ Int+6}
  9500 | D:9      | Found a transporter.
  9539 | D:9      | Killed a two-headed ogre
  9540 | D:9      | Reached skill level 2 in Conjurations
  9540 | D:9      | Reached skill level 5 in Fire Magic
  9785 | D:10     | Entered Level 10 of the Dungeon
  9825 | D:10     | Reached skill level 1 in Shields
  9831 | D:10     | Reached skill level 2 in Shields
  9836 | D:10     | Reached skill level 3 in Shields
 10080 | D:10     | Found a shimmering blue altar of Sif Muna.
 10100 | D:10     | Reached skill level 4 in Shields
 10123 | D:10     | Reached ***** piety under Qazlal
 10438 | D:10     | Reached skill level 5 in Shields
 10552 | D:10     | Reached skill level 1 in Invocations
 10747 | D:10     | Found a broken altar of Ashenzari.
 10778 | D:10     | Found a staircase to the Orcish Mines.
 10819 | D:10     | Reached skill level 2 in Invocations
 10820 | D:10     | Noticed a two-headed ogre
 10846 | D:10     | Reached skill level 3 in Invocations
 10849 | D:10     | Killed a two-headed ogre
 10850 | D:10     | Reached skill level 4 in Invocations
 11036 | D:10     | You pick up a book of the Moon and begin reading...
 11039 | D:10     | Found a glowing golden altar of the Shining One.
 11087 | D:10     | Found a basalt altar of Yredelemnul.
 11159 | D:10     | You pick up a book of the Senses and begin reading...
 11159 | D:10     | You add the spells Dazzling Flash and Agony to your
                  | library.
 11187 | D:10     | Reached skill level 5 in Invocations
 11524 | D:11     | Noticed a skeletal warrior
 11629 | D:11     | Reached skill level 6 in Invocations
 11921 | D:11     | Noticed a skeletal warrior
 11934 | D:10     | Reached XP level 12. HP: 117/117 MP: 28/28
 12059 | D:11     | Reached skill level 7 in Invocations
 12213 | D:11     | Noticed a boulder beetle
 12543 | D:11     | Reached skill level 8 in Invocations
 12872 | D:11     | Identified the staff of earth "Juof" {rElec rPois rC+
                  | Int+2}
 12895 | D:11     | Found a staircase to the Lair.
 12920 | Lair:1   | Entered Level 1 of the Lair of Beasts
 12928 | Lair:1   | Reached skill level 6 in Dodging
 13112 | Lair:1   | Acquired the +0 hat of Zonuceilu {Regen+ Int+3}
 13123 | Lair:1   | Learned a level 3 spell: Dazzling Flash
 13123 | Lair:1   | Acquired a book of Beasts
 13124 | Lair:1   | You pick up a book of Beasts and begin reading...
 13124 | Lair:1   | You add the spells Summon Ice Beast, Summon Mana Viper and
                  | Monstrous Menagerie to your library.
 13131 | Lair:1   | Learned a level 5 spell: Summon Mana Viper
 13220 | Lair:1   | Reached skill level 7 in Summonings
 13229 | Lair:1   | You pick up a book of Chaos and begin reading...
 13229 | Lair:1   | You add the spells Conjure Ball Lightning, Disjunction and
                  | Discord to your library.
 13538 | Lair:1   | Reached skill level 8 in Summonings
 13661 | Lair:1   | Identified the +6 scale mail of the Pink Corner {rC+ rN+
                  | Slay+2}
 14417 | Lair:2   | Reached skill level 9 in Summonings
 14645 | Lair:2   | Reached skill level 1 in Hexes
 14647 | Lair:2   | Reached skill level 2 in Hexes
 14791 | Lair:2   | Reached skill level 3 in Hexes
 15130 | Lair:2   | Reached skill level 10 in Summonings
 15151 | Lair:2   | Reached skill level 4 in Hexes
 15319 | Lair:2   | Noticed Erica
 15331 | Lair:2   | Killed Erica
 15332 | Lair:2   | Reached XP level 13. HP: 90/124 MP: 2/29
 15627 | Lair:2   | Reached skill level 5 in Hexes
 15784 | Lair:2   | You pick up a book of Flames and begin reading...
 16025 | Lair:2   | Found a staircase to the Swamp.
 16885 | Lair:3   | Reached skill level 6 in Hexes
 17049 | Lair:3   | Found a hole to the Spider Nest.
 17075 | Lair:3   | Reached skill level 11 in Summonings
 18117 | Lair:4   | Found a gate leading to a gauntlet.
 18117 | Lair:4   | You fall into a shaft and drop 1 floor!
 18117 | Lair:5   | Entered Level 5 of the Lair of Beasts
 18121 | Lair:5   | Reached skill level 7 in Hexes
 18175 | Lair:5   | Found a viscous altar of Jiyva.
 18176 | Lair:5   | Found a staircase to the Slime Pits.
 18220 | Lair:5   | Reached skill level 8 in Hexes
 18271 | Lair:4   | Reached skill level 12 in Summonings
 18353 | Gauntlet | Entered a Gauntlet
 18353 | Gauntlet | Found a transporter.
 18419 | Gauntlet | Found a transporter.
 18423 | Gauntlet | Found a transporter.
 18423 | Gauntlet | Found a transporter.
 18438 | Gauntlet | Found a transporter.
 18451 | Gauntlet | Found a transporter.
 18457 | Gauntlet | Found a transporter.
 18459 | Gauntlet | Noticed a balrug
 18472 | Gauntlet | Found a transporter.
 18492 | Gauntlet | Found a transporter.
 18504 | Gauntlet | Found a transporter.
 18524 | Gauntlet | Found a transporter.
 18529 | Gauntlet | Found a transporter.
 18548 | Gauntlet | Found a transporter.
 18554 | Gauntlet | Found a transporter.
 18556 | Gauntlet | Found a transporter.
 18573 | Gauntlet | Found a transporter.
 18579 | Gauntlet | Found a transporter.
 18622 | Gauntlet | Found a transporter.
 18910 | Gauntlet | Identified the amulet of Xaile {Faith -Cast rN+ Str+3
                  | Dex+3}
 18984 | Gauntlet | Identified a +0 crystal plate armour
 18984 | Gauntlet | Noticed a minotaur
 18998 | Gauntlet | Killed a minotaur
 19000 | Gauntlet | n - a +0 crystal plate armour {rare=g}
 19001 | Gauntlet | You drop a +0 crystal plate armour {rare=g}.
 19004 | Gauntlet | You add the spells Summon Lightning Spire, Haunt and Summon
                  | Horrible Things to your library.
 19004 | Gauntlet | Got the Guide on Rallying
 19171 | Lair:4   | Learned a level 7 spell: Monstrous Menagerie
 20086 | Lair:5   | Reached skill level 15 in Fighting
 20255 | Lair:5   | Reached XP level 14. HP: 62/135 MP: 18/30
 20351 | Lair:4   | Reached skill level 13 in Summonings
 20620 | Lair:5   | Noticed Rupert
 22054 | Lair:5   | Reached skill level 14 in Summonings
 22789 | Orc:1    | Entered Level 1 of the Orcish Mines
 22817 | Orc:1    | Learned a level 8 spell: Summon Horrible Things
 22992 | Orc:1    | magus.rc [v1.9.6]
 23088 | Orc:1    | Learned a level 4 spell: Summon Lightning Spire
 23089 | Orc:2    | Entered Level 2 of the Orcish Mines
 23089 | Orc:2    | Found Ketiythre's Distillery.
 23243 | Orc:2    | Bought a potion of heal wounds for 60 gold pieces
 23309 | Orc:2    | Found Reulleat's Magic Scroll Shoppe.
 23317 | Orc:2    | Bought a scroll of teleportation for 54 gold pieces
 23360 | Orc:1    | Reached ****** piety under Qazlal
 23825 | Orc:1    | Noticed an orc warlord
 23949 | Orc:2    | Reached skill level 15 in Summonings
 24608 | Orc:2    | Found Uxiowar's Assorted Antiques.
 24619 | Orc:2    | Bought a potion of curing for 105 gold pieces
 24838 | Orc:2    | Found Keck's Armour Shoppe.
 24838 | Orc:2    | Found Xeghi's Book Emporium.
 24841 | Orc:2    | Found Loosu's Jewellery Emporium.
 24843 | Orc:2    | Found Quohum's Armour Shoppe.
 24848 | Orc:2    | Bought an amulet of magic regeneration for 360 gold pieces
 24856 | Orc:2    | Bought a book of Unlife for 468 gold pieces
 24856 | Orc:2    | You pick up a book of Unlife and begin reading...
 24856 | Orc:2    | You add the spells Animate Dead, Borgnjor's Vile Clutch and
                  | Death Channel to your library.
 24862 | Orc:2    | Learned a level 5 spell: Borgnjor's Vile Clutch
 24945 | Orc:2    | Found Veocs's General Store.
 24947 | Orc:2    | Found a staircase to the Elven Halls.
 24953 | Orc:2    | Bought a potion of heal wounds for 75 gold pieces
 24953 | Orc:2    | Bought a potion of magic for 120 gold pieces
 24953 | Orc:2    | Bought a scroll of teleportation for 45 gold pieces
 25144 | Elf:1    | Entered Level 1 of the Elven Halls
 25245 | D:12     | You pick up a book of Spatial Translocations and begin
                  | reading...
 25245 | D:12     | You add the spells Blink, Momentum Strike and Lesser
                  | Beckoning to your library.
 25252 | D:12     | Learned a level 4 spell: Animate Dead
 25338 | D:12     | Reached skill level 1 in Necromancy
 25338 | D:12     | Reached skill level 1 in Earth Magic
 25411 | D:12     | Identified the +0 buckler of the Clam {rElec Int+5 Slay-2
                  | SInv}
 25421 | D:12     | Reached skill level 2 in Necromancy
 25421 | D:12     | Reached skill level 2 in Earth Magic
 25475 | D:12     | Noticed Fannar
 25626 | D:12     | Reached skill level 3 in Necromancy
 25626 | D:12     | Reached skill level 3 in Earth Magic
 25810 | D:12     | Noticed Nessos
 25816 | D:12     | Killed Nessos
 26315 | D:13     | Reached skill level 4 in Necromancy
 26315 | D:13     | Reached skill level 4 in Earth Magic
 26580 | D:13     | Reached XP level 15. HP: 131/141 MP: 7/31
 26582 | D:13     | Reached skill level 5 in Necromancy
 26669 | D:13     | Found a gate to the Vaults.
 26698 | D:13     | Reached skill level 6 in Necromancy
 27270 | D:14     | Reached skill level 7 in Necromancy
 27446 | D:14     | Reached skill level 8 in Necromancy
 27532 | D:14     | Found a runed translucent gate.
 27532 | D:14     | Found a runed translucent gate.
 27532 | D:14     | Found an opulent altar of Gozag.
 27534 | D:14     | Found a runed translucent gate.
 27534 | D:14     | Noticed Axipewex's ghost (journeyman OgTm)
 27542 | D:14     | Found Nippese's Assorted Antiques.
 27774 | D:14     | Killed Axipewex's ghost
 27848 | D:14     | Reached skill level 9 in Necromancy
 27885 | D:14     | Bought 2 potions of magic for 528 gold pieces
 28469 | D:14     | You pick up a book of the Warp and begin reading...
 28469 | D:14     | You add the spells Manifold Assault and Dispersal to your
                  | library.
 28974 | D:14     | Reached skill level 13 in Spellcasting
 29407 | D:9      | Reached skill level 14 in Spellcasting
 29414 | D:9      | Identified the amulet of Jeiquadd {Faith Rampage rPois
                  | Int-3 Dex+3}
 29554 | D:15     | Entered Level 15 of the Dungeon
 29706 | D:15     | Reached skill level 15 in Spellcasting
 29711 | D:15     | Reached XP level 16. HP: 149/149 MP: 17/35
 29789 | D:15     | Learned a level 7 spell: Haunt
 29983 | D:15     | Found a staircase to the Depths.
 30028 | D:15     | You add the spells Vhi's Electric Charge, Arcjolt and
                  | Maxwell's Capacitive Coupling to your library.
 30189 | D:15     | You pick up a book of Fire and begin reading...
 30189 | D:15     | You add the spells Fireball, Plasma Beam and Starburst to
                  | your library.
 30556 | D:15     | Learned a level 2 spell: Blink
 30711 | Swamp:1  | Entered Level 1 of the Swamp
 30966 | Lair:5   | Killed Rupert
 31005 | Lair:5   | T - a +1 heavy executioner's axe {axerare=g}
 31162 | Lair:5   | You pick up a book of Vapours and begin reading...
 31162 | Lair:5   | You add the spells Poisonous Vapours, Mephitic Cloud and
                  | Freezing Cloud to your library.
 31438 | Lair:5   | Fell from the grace of Qazlal
 31438 | Lair:5   | Became a worshipper of Jiyva Juff the Shapeless
 31788 | Swamp:1  | Found a bloodstained altar of Trog.
 31788 | Swamp:1  | Noticed hito's ghost (journeyman DrTm)
 31811 | Swamp:1  | Found a transporter.
 31825 | Swamp:1  | Noticed Mlioglotl
 31831 | Swamp:1  | Killed Mlioglotl
 31832 | Swamp:1  | Reached skill level 16 in Summonings
 31866 | Swamp:1  | Found a transporter.
 31905 | Swamp:1  | Noticed Nikola
 31916 | Swamp:1  | Killed Nikola
 31918 | Swamp:1  | HP: 36/149 [eleionoma/spray of wooden splinters (20)]
 32061 | Swamp:1  | You pick up a book of Hexes and begin reading...
 32061 | Swamp:1  | You add the spells Anguish, Cause Fear and Enfeeble to your
                  | library.
 32066 | Swamp:1  | Identified a +2 robe of the Archmagi
 32272 | Spider:1 | Entered Level 1 of the Spider Nest
 32272 | Spider:1 | Reached * piety under Jiyva
 32461 | Lair:3   | Reached skill level 7 in Dodging
 32669 | Spider:1 | Reached skill level 8 in Dodging
 32787 | Spider:1 | Reached ** piety under Jiyva
 32923 | Spider:2 | Reached skill level 9 in Dodging
 32945 | Spider:1 | HP: 34/149 [tarantella (14)]
 33161 | Spider:2 | You fall into a shaft and drop 1 floor!
 33362 | Spider:3 | Noticed Agnes
 33377 | Spider:3 | HP: 13/145 [Agnes/+1 lajatang of speed (32)]
 33377 | Spider:3 | Mangled by Agnes

Vanquished Creatures
  Mlioglotl (Swamp:1)
  A broodmother (Spider:3)
  A minotaur (Gauntlet)
  A ghost crab (Lair:2)
  A centaur warrior (D:14)
  2 hydras
  A boulder beetle (D:13)
  2 two-headed ogres
  2 tengu warriors
  Erica (Lair:2)
  3 skysharks
  6 skeletal warriors
  A wizard (D:15)
  An orb spider (Lair:3)
  A deep elf pyromancer (D:15)
  A spectral hydra (Lair:2)
  A phantasmal warrior (D:14)
  5 ugly things
  3 cyclopes
  4 elephants
  A salamander (shapeshifter) (D:14)
  A black mamba (Lair:3)
  2 cane toads
  An unseen horror (D:13)
  An efreet (D:15)
  A rime drake (Lair:5)
  A yaktaur (D:14)
  4 komodo dragons
  A troll (D:11)
  2 hornets
  4 polar bears
  12 blink frogs
  2 nameless horrors (Lair:4)
  5 dream sheep (Lair:5)
  A slime creature (Lair:5)
  4 centaur simulacra (D:10)
  26 yaks
  5 spriggans (Lair:5)
  A wraith (D:13)
  A steam dragon (D:6)
  7 basilisks
  6 vampire mosquitoes (D:11)
  Menkaure (D:6)
  An acid dragon (D:10)
  A two-headed ogre zombie (D:14)
  A hell hound (Gauntlet)
  Duvessa (D:4)
  6 water moccasins
  7 orc warriors
  A sky beast (D:6)
  3 ice beasts (D:10)
  2 black bears
  10 wolves
  An elf zombie (D:14)
  4 ogres
  2 boggarts
  2 centaurs
  2 lemures (D:7)
  A phantom (D:10)
  9 bullfrogs
  4 wights (D:8)
  Dowan (D:4)
  15 killer bees
  2 troll zombies (D:10)
  A spectral wolf (Lair:2)
  2 howler monkeys
  2 electric eels (Lair:3)
  A hound (D:7)
  4 jellies
  A gnoll bouda (D:6)
  3 iguanas
  8 orc priests
  3 orc wizards
  Jessica (D:2)
  6 ogre zombies (D:10)
  8 gnolls
  3 adders
  A shadow imp (D:7)
  6 white imps
  2 ufetubi (D:10)
  2 dart slugs
  23 orcs
  6 endoplasms
  10 goblins
  3 hobgoblins
  A quokka (D:4)
  6 ball pythons
  3 bats
  3 frilled lizards
  A goblin skeleton (D:10)
  A goblin zombie (D:10)
  A hobgoblin skeleton (D:10)
  2 hobgoblin zombies (D:10)
  8 kobolds
  2 orc skeletons (D:10)
  12 orc zombies (D:10)
  2 rats
  A butterfly (Lair:1)
  2 foxfires
346 creatures vanquished.

Vanquished Creatures (collateral kills)
  Nikola (Swamp:1)
  Rupert (Lair:5)
  The ghost of Axipewex the Grappler, a journeyman OgTm of Okawaru (D:14)
  An emperor scorpion (Spider:2)
  A ghost moth (Lair:3)
  2 broodmothers (Spider:2)
  A stone giant (D:15)
  Nessos (D:12)
  2 spark wasps
  An entropy weaver (shapeshifter) (D:14)
  2 fire dragons
  4 vault guards (D:13)
  A shambling mangrove (Swamp:1)
  5 hydras
  2 ice dragons
  A catoblepas (D:14)
  7 centaur warriors
  9 two-headed ogres
  An ogre mage (D:15)
  15 nameless horrors
  8 boulder beetles
  2 alligators (Swamp:1)
  3 tengu warriors
  2 orc high priests (Orc:2)
  5 skeletal warriors
  7 orb spiders
  A steelbarb worm (Lair:3)
  A bog body (Swamp:1)
  A wizard (D:14)
  A flayed ghost (D:14)
  Pikel (D:7)
  7 wolf spiders
  14 ugly things
  4 deep elf pyromancers
  4 orc sorcerers (Orc:2)
  8 cyclopes
  5 manticores
  2 elephants (Lair:4)
  2 moths of wrath
  3 black mambas
  A cane toad (shapeshifter) (D:14)
  4 gargoyles
  2 torpor snails
  7 cane toads
  9 komodo dragons
  A yaktaur (D:14)
  2 tengu conjurers
  10 trolls
  13 hornets
  A tyrant leech (Swamp:1)
  15 tarantellas
  6 polar bears
  A raiju (shapeshifter) (D:14)
  5 blink frogs
  A dream sheep (Lair:5)
  7 slime creatures
  5 culicivoras
  A spriggan (shapeshifter) (D:13)
  Sigmund (D:2)
  10 jumping spiders
  13 spriggans
  A wraith (D:14)
  A shadow (D:10)
  2 wyverns
  A vampire (D:13)
  9 yaks
  3 basilisks
  19 redbacks
  A vampire mosquito (D:12)
  An acid dragon (D:13)
  3 wargs (Orc:1)
  5 swamp worms (Swamp:1)
  6 water moccasins
  A spectral polar bear (Lair:2)
  An ice beast (D:5)
  16 orc warriors
  A swamp drake (Swamp:1)
  5 black bears
  A sky beast (D:8)
  2 boggarts (Lair:5)
  A tengu (D:9)
  6 ogres
  8 centaurs
  18 wolves
  A phantom (D:6)
  3 bullfrogs
  2 scorpions
  4 killer bees (D:9)
  3 howler monkeys
  A hound (D:4)
  13 orc priests
  A gnoll bouda (D:4)
  2 jellies
  An iguana (D:5)
  22 orc wizards
  3 adders
  3 gnolls
  An ufetubus (D:10)
  A worm (D:3)
  28 orcs
  2 endoplasms (D:2)
  A goblin (D:4)
  4 hobgoblins
  A goblin skeleton (D:10)
  7 kobolds
  5 orc zombies (D:10)
  A butterfly (Lair:1)
  3 foxfires (D:11)
480 creatures vanquished.

Vanquished Creatures (others)
  A nameless horror (Spider:1)
  An ogre mage (D:14)
  An emperor scorpion zombie (Spider:2)
  2 ugly thing zombies (D:14)
  3 wolf spider zombies
  5 redback zombies
  2 bloated husks (Swamp:1)
  A hornet (Swamp:1)
  A moth of wrath zombie (Spider:1)
  4 tarantella zombies
  A culicivora zombie (Spider:1)
  A vampire mosquito (Swamp:1)
  A two-headed ogre zombie (D:14)
  A hornet zombie (Swamp:1)
  A manticore zombie (D:14)
  A yaktaur zombie (D:14)
  5 jellies
  2 ogre zombies (D:14)
  237 foxfires
  38 fungi
  60 plants
369 creatures vanquished.

Grand Total: 1195 creatures vanquished

Table legend:
 A = Non-vault XP
 B = Vault XP
 C = Vault XP percentage of total XP
 D = Non-vault monster count
 E = Vault monster count
 F = Vault count percentage of total count
                 A         B        C        D         E       F
            +---------+---------+-------+---------+---------+-------
      Total |  120636 |   78234 |  39.3 |     487 |     307 |  38.7
            +---------+---------+-------+---------+---------+-------
        D:1 |      16 |       0 |   0.0 |      11 |       0 |   0.0
        D:2 |      58 |     260 |  81.8 |      13 |       2 |  13.3
        D:3 |     130 |       2 |   1.5 |      16 |       1 |   5.9
        D:4 |     518 |     211 |  28.9 |      22 |       2 |   8.3
        D:5 |     385 |       0 |   0.0 |      10 |       0 |   0.0
        D:6 |     990 |     313 |  24.0 |      17 |       4 |  19.0
        D:7 |     314 |     617 |  66.3 |       8 |       1 |  11.1
        D:8 |    1763 |       8 |   0.5 |      13 |       4 |  23.5
        D:9 |    3080 |    3283 |  51.6 |      26 |       9 |  25.7
       D:10 |    2357 |    3392 |  59.0 |      12 |      57 |  82.6
       D:11 |    4394 |    2693 |  38.0 |      13 |      12 |  48.0
       D:12 |    6138 |    3932 |  39.0 |      10 |      11 |  52.4
       D:13 |    5581 |    6765 |  54.8 |      16 |      11 |  40.7
       D:14 |   15727 |   13454 |  46.1 |      31 |      22 |  41.5
       D:15 |   15954 |    2683 |  14.4 |      25 |       3 |  10.7
     Lair:1 |    5330 |    1291 |  19.5 |      21 |       6 |  22.2
     Lair:2 |    6342 |    2518 |  28.4 |      26 |       5 |  16.1
     Lair:3 |    3800 |    6257 |  62.2 |      10 |      15 |  60.0
     Lair:4 |    2927 |    1362 |  31.8 |       9 |       5 |  35.7
     Lair:5 |   11566 |   13117 |  53.1 |      38 |      55 |  59.1
    Swamp:1 |    6799 |    4199 |  38.2 |      22 |       2 |   8.3
   Spider:1 |    7536 |    4238 |  36.0 |      24 |       8 |  25.0
   Spider:2 |   10654 |       0 |   0.0 |      28 |       0 |   0.0
   Spider:3 |    3257 |       0 |   0.0 |       9 |       0 |   0.0
      Orc:1 |    1685 |       0 |   0.0 |      24 |       0 |   0.0
      Orc:2 |    3335 |    4764 |  58.8 |      33 |      42 |  56.0
     Bailey |       0 |     475 | 100.0 |       0 |      25 | 100.0
   Gauntlet |       0 |    2400 | 100.0 |       0 |       5 | 100.0
            +---------+---------+-------+---------+---------+-------

Skill      XL: |  1  2  3  4  5  6  7  8  9 10 11 12 13 14 15 16 |
---------------+-------------------------------------------------+-----
Summonings     | 3 4 5 6 10 12 15 16 | 16.4
Spellcasting   | 3 4 5 12 15 | 15.8
Fighting       | 4 6 12 13 14 15 | 15.1
Dodging        | 3 5 6 9 |  9.8
Fire Magic     | 4 5 |  5.2
Conjurations   | 2 |  2.4
Shields        | 5 |  5.0
Invocations    | 6 8 |  8.7
Hexes          | 4 8 |  8.7
Necromancy     | 4 9 |  9.5
Earth Magic    | 4 |  4.7
Throwing       | |  1.0
Stealth        | |  1.0
Evocations     | |  1.1

Action                     |  1- 3 |  4- 6 |  7- 9 | 10-12 | 13-15 | 16-18 || total
---------------------------+-------+-------+-------+-------+-------+-------++-------
  Melee: Dagger            |    44 |    66 |    36 |       |       |       ||   146
         Tailslap          |     5 |     9 |    29 |    56 |    89 |    21 ||   209
         Punch             |     1 |       |     2 |     2 |       |       ||     5
         Spear             |       |       |    66 |   199 |       |       ||   265
         Whip              |       |       |    90 |    14 |       |       ||   104
         Staff             |       |       |       |    87 |   382 |    90 ||   559
   Cast: Summon Small Mamm |    22 |     3 |       |       |       |       ||    25
         Foxfire           |    16 |    15 |    74 |    28 |    10 |       ||   143
         Call Canine Famil |     1 |    20 |    52 |    95 |    52 |    16 ||   236
         Sticky Flame      |       |       |       |    90 |    46 |       ||   136
         Summon Mana Viper |       |       |       |    10 |    51 |       ||    61
         Monstrous Menager |       |       |       |       |   181 |    51 ||   232
         Summon Lightning  |       |       |       |       |    27 |     1 ||    28
         Borgnjor's Vile C |       |       |       |       |    13 |     9 ||    22
         Animate Dead      |       |       |       |       |     2 |     5 ||     7
         Haunt             |       |       |       |       |       |    36 ||    36
         Summon Horrible T |       |       |       |       |       |    15 ||    15
         Blink             |       |       |       |       |       |     1 ||     1
 Invoke: Elemental Force   |       |       |       |     3 |     2 |       ||     5
         Disaster Area     |       |       |       |       |     3 |       ||     3
Ability: Breathe Dispellin |       |       |    11 |     9 |     7 |     3 ||    30
  Evoke: Wand              |       |     4 |     2 |     4 |     8 |     2 ||    20
         Lightning rod     |       |       |       |       |       |     1 ||     1
         Phial of floods   |       |       |       |       |       |     1 ||     1
    Use: Scroll            |       |     3 |    14 |    11 |    14 |    12 ||    54
         Potion            |       |       |     1 |       |     2 |     8 ||    11
   Stab: Sleeping          |     2 |       |       |       |       |       ||     2
         Distracted        |       |     1 |     2 |     1 |    10 |     2 ||    16
         Paralysed         |       |       |       |       |     1 |       ||     1
 Armour: Skin              |    18 |    27 |    69 |   150 |   205 |    85 ||   554
  Dodge: Dodged            |    25 |    44 |   138 |   229 |   343 |   261 ||  1040
         Repelled          |       |       |       |     4 |     7 |     4 ||    15
  Block: Other             |       |     5 |    32 |    83 |       |       ||   120
         Buckler           |       |       |       |   105 |   481 |   101 ||   687

Illustrated notes

Table legend:
 A = Kills in this place as a percentage of kills in the entire game.
 B = Kills by you in this place as a percentage of kills by you in the entire game.
 C = Kills by friends in this place as a percentage of kills by friends in the entire game.
 D = Other kills in this place as a percentage of other kills in the entire game.
 E = Experience gained in this place as a percentage of experience gained in the entire game.
 F = Experience gained in this place divided by the number of levels of this place that you have seen.
                   A       B       C       D       E      F
               +-------+-------+-------+-------+-------+----------------------
         Total | 100.0 | 100.0 | 100.0 | 100.0 | 100.0 | 6857.6
       Dungeon |  48.1 |  62.6 |  37.4 |  50.0 |  47.8 | 6334.5
          Lair |  23.9 |  24.3 |  23.7 |   0.0 |  27.4 | 10902.0
         Swamp |   3.0 |   0.3 |   4.8 |  50.0 |   5.5 | 10998.0
   Spider Nest |   8.7 |   0.3 |  14.9 |   0.0 |  12.9 | 8561.7
  Orcish Mines |  12.5 |   5.9 |  17.4 |   0.0 |   4.9 | 4892.0
        Bailey |   3.1 |   5.6 |   1.3 |   0.0 |   0.2 | 475.0
      Gauntlet |   0.6 |   0.9 |   0.4 |   0.0 |   1.2 | 2400.0
               +-------+-------+-------+-------+-------+----------------------

Table legend: (Time is in decaauts)
 A = Elapsed time spent in this place.
 B = Non-inter-level travel time spent in this place.
 C = Inter-level travel time spent in this place.
 D = Time resting spent in this place.
 E = Time spent auto-exploring this place.
 F = Levels seen in this place.
 G = Mean time per level.
                   A        B        C        D        E       F      G
               +--------+--------+--------+--------+--------+-----+--------+
         Total |  33681 |  31156 |   2525 |   5974 |  18057 |  29 | 1161.4 |
       Dungeon |  17956 |  16654 |   1302 |   2548 |  10680 |  15 | 1197.1 |
          Lair |  10332 |   9264 |   1068 |   2397 |   5073 |   5 | 2066.4 |
         Swamp |    541 |    539 |      2 |     50 |    232 |   1 |  541.0 |
   Spider Nest |   1038 |    995 |     43 |     53 |    457 |   3 |  346.0 |
  Orcish Mines |   2448 |   2341 |    107 |    525 |   1325 |   2 | 1224.0 |
   Elven Halls |      2 |      2 |      0 |      0 |      0 |   1 |    2.0 |
        Bailey |    553 |    553 |      0 |    239 |      0 |   1 |  553.0 |
      Gauntlet |    809 |    809 |      0 |    162 |    289 |   1 |  809.0 |
               +--------+--------+--------+--------+--------+-----+--------+

Top non-repeatable levels by time:
  Lair:4: 2687 daAuts
  Lair:3: 2291 daAuts
    D:14: 2034 daAuts
  Lair:5: 1859 daAuts
  Lair:1: 1858 daAuts
  Lair:2: 1635 daAuts
    D:10: 1595 daAuts
    D:11: 1575 daAuts
   Orc:2: 1561 daAuts
     D:9: 1553 daAuts
    D:13: 1307 daAuts
     D:6: 1235 daAuts
     D:5: 1227 daAuts
     D:2: 1175 daAuts
     D:4: 1131 daAuts
